TOP OF THE 1ST |
California Angels batting - Pitching for Milwaukee Brewers : RHP Kevin Gross
|
Pitching: RHP Kevin Gross
|
|
Batting: RHB Jeff Atherton
|
0-0: Ball 1-0: Ball 2-0: SINGLE (Line Drive, 9S, EV 89.4 MPH)
|
Batting: RHB Frank White
|
0-0: Ball 1-0: SINGLE (Groundball, 4MD, EV 103.1 MPH) Jeff Atherton to second Runner from 2nd tries for 3rd, OUT! 8-5
|
Batting: SHB Jon Hernandez
|
0-0: Ball 1-0: Ball 2-0: Foul Ball, location: 2F 2-1: Ball 3-1: Swinging Strike 3-2: 2-RUN HOME RUN (Flyball, 89XD, EV 96.3 MPH), Distance : 409 ft
|
Batting: LHB Jason D Thompson
|
0-0: Ball 1-0: Called Strike 1-1: Ball 2-1: Ball 3-1: Foul Ball, location: 2F 3-2: Base on Balls
|
Batting: LHB John Milner
|
0-0: Ball 1-0: Ball 2-0: Ball 3-0: Called Strike 3-1: Swinging Strike 3-2: SINGLE (Groundball, 34D, EV 99.4 MPH) Jason D Thompson to second Jason D Thompson to third
|
Batting: SHB Ignacio Medina
|
0-0: Ball 1-0: Swinging Strike 1-1: Ball 2-1: Foul Ball, location: 2F 2-2: SINGLE (Groundball, 4MD, EV 104.4 MPH) Jason D Thompson scores John Milner to second Runner from 2nd tries for 3rd, SAFE, throw by CF made to third Ignacio Medina to second
|
Batting: SHB Manny Castillo
|
0-0: Reached on error, E6 (Groundball, 6M, EV 90.0 MPH) John Milner scores Ignacio Medina to third
|
Batting: RHB Carlos Pimentel
|
0-0: Called Strike 0-1: Ball 1-1: Foul Ball, location: 2F 1-2: Ball 2-2: Strikes out swinging
|
Batting: RHB Mike Bishop
|
0-0: Foul Ball, location: 2F 0-1: Called Strike 0-2: Fly out, F8 (Line Drive, 8RD, EV 106.9 MPH)
|
Top of the 1st over - 4 runs, 5 hits, 1 error, 2 left on base; California 4 - Milwaukee 0 |
BOTTOM OF THE 1ST |
Milwaukee Brewers batting - Pitching for California Angels : RHP Clay Kirby
|
Pitching: RHP Clay Kirby
|
|
Batting: LHB Von Hayes
|
0-0: Ball 1-0: Called Strike 1-1: SINGLE (Groundball, 6D, EV 93.8 MPH)
|
Batting: SHB Eddie Murray
|
0-0: Called Strike 0-1: Ground out 4-3 (Groundball, 4S, EV 70.0 MPH) Von Hayes to second
|
Batting: RHB Eric Davis
|
0-0: Ball Von Hayes steals 3rd base (no throw) 1-0: Ball 2-0: Called Strike 2-1: Called Strike 2-2: Foul Ball, location: 2F 2-2: Strikes out swinging
|
Batting: RHB Mike Schmidt
|
0-0: Called Strike 0-1: Foul Ball, location: 2F 0-2: Foul Ball, location: 2F 0-2: Ball 1-2: Ball 2-2: Fly out, F8 (Line Drive, 8RM, EV 92.5 MPH)
|
Bottom of the 1st over - 0 runs, 1 hit, 0 errors, 1 left on base; California 4 - Milwaukee 0 |
TOP OF THE 2ND |
California Angels batting - Pitching for Milwaukee Brewers : RHP Kevin Gross
|
Batting: RHB Jeff Atherton
|
0-0: Ball 1-0: SINGLE (Line Drive, 56D, EV 105.6 MPH)
|
Batting: RHB Frank White
|
0-0: Foul Ball, location: 2F 0-1: Foul Ball, location: 2F 0-2: Ball 1-2: Ball 2-2: Ball 3-2: Strikes out swinging Jeff Atherton is caught stealing 2nd base 2-4 Batter strikes out.
|
Batting: SHB Jon Hernandez
|
0-0: Ball 1-0: Swinging Strike 1-1: Ball 2-1: Ball 3-1: Called Strike 3-2: Base on Balls
|
Batting: LHB Jason D Thompson
|
0-0: Ball 1-0: Foul Ball, location: 2F 1-1: Called Strike 1-2: Ball 2-2: Ball 3-2: Ground out 4-3 (Groundball, 4S, EV 64.4 MPH)
|
Top of the 2nd over - 0 runs, 1 hit, 0 errors, 1 left on base; California 4 - Milwaukee 0 |
BOTTOM OF THE 2ND |
Milwaukee Brewers batting - Pitching for California Angels : RHP Clay Kirby
|
Batting: RHB Steve Sax
|
0-0: Ball 1-0: Ball 2-0: Foul Ball, location: 2F 2-1: Ball 3-1: Base on Balls
|
Batting: RHB Ken Landreaux
|
0-0: Called Strike 0-1: Fly out, F9 (Flyball, 9LM, EV 91.9 MPH)
|
Batting: RHB Kevin Buckley
|
0-0: Ball 1-0: Fly out, F8 (Line Drive, 8LD, EV 92.5 MPH)
|
Batting: RHB Skeeter Barnes
|
0-0: Fly out, F7 (Flyball, 7S, EV 79.4 MPH)
|
Bottom of the 2nd over - 0 runs, 0 hits, 0 errors, 1 left on base; California 4 - Milwaukee 0 |
TOP OF THE 3RD |
California Angels batting - Pitching for Milwaukee Brewers : RHP Kevin Gross
|
Batting: LHB John Milner
|
0-0: Ball 1-0: Ball 2-0: Ball 3-0: Base on Balls
|
Batting: SHB Ignacio Medina
|
0-0: Ball 1-0: Foul Ball, location: 2F 1-1: Foul Ball, location: 2F 1-2: Ball 2-2: Fielders Choice at 2nd, 6-4 (Groundball, 6, EV 106.9 MPH)
|
Batting: SHB Manny Castillo
|
0-0: Ball 1-0: Called Strike 1-1: Ball Ignacio Medina is caught stealing 2nd base 2-6 2-1: Foul Ball, location: 2F 2-2: Ball 3-2: Foul Ball, location: 2F 3-2: Foul Ball, location: 2F 3-2: Foul Ball, location: 2F 3-2: Foul Ball, location: 2F 3-2: Ground out 4-3 (Groundball, 4, EV 93.1 MPH)
|
Top of the 3rd over - 0 runs, 0 hits, 0 errors, 0 left on base; California 4 - Milwaukee 0 |
BOTTOM OF THE 3RD |
Milwaukee Brewers batting - Pitching for California Angels : RHP Clay Kirby
|
Batting: SHB Wally Backman
|
0-0: Called Strike 0-1: Ground out 6-3 (Groundball, 6, EV 82.5 MPH)
|
Batting: LHB Von Hayes
|
0-0: Ball 1-0: Ground out 4-3 (Groundball, 34, EV 87.5 MPH)
|
Batting: SHB Eddie Murray
|
0-0: Swinging Strike 0-1: Ball 1-1: Ball 2-1: Fly out, F7 (Flyball, 7LS, EV 88.8 MPH)
|
Bottom of the 3rd over - 0 runs, 0 hits, 0 errors, 0 left on base; California 4 - Milwaukee 0 |
TOP OF THE 4TH |
California Angels batting - Pitching for Milwaukee Brewers : RHP Kevin Gross
|
Batting: RHB Carlos Pimentel
|
0-0: Called Strike 0-1: Ball 1-1: Foul Ball, location: 2F 1-2: Foul Ball, location: 2F 1-2: Ball 2-2: Ball 3-2: Strikes out swinging
|
Batting: RHB Mike Bishop
|
0-0: Ball 1-0: Foul Ball, location: 2F 1-1: Foul Ball, location: 2F 1-2: Strikes out swinging
|
Batting: RHB Jeff Atherton
|
0-0: Ball 1-0: Called Strike 1-1: Called Strike 1-2: Ball 2-2: Ball 3-2: Fly out, F3 (Line Drive, 3, EV 66.3 MPH)
|
Top of the 4th over - 0 runs, 0 hits, 0 errors, 0 left on base; California 4 - Milwaukee 0 |
BOTTOM OF THE 4TH |
Milwaukee Brewers batting - Pitching for California Angels : RHP Clay Kirby
|
Batting: RHB Eric Davis
|
0-0: Ball 1-0: Ball 2-0: Ball 3-0: Called Strike 3-1: Base on Balls
|
Batting: RHB Mike Schmidt
|
0-0: Ball 1-0: Ball 2-0: Called Strike 2-1: Foul Ball, location: 2F 2-2: SINGLE (Line Drive, 4D, EV 97.5 MPH) Eric Davis to second Runner from 2nd tries for 3rd, SAFE, no throw by RF
|
Batting: RHB Steve Sax
|
0-0: Fielders Choice at 2nd, 6-4 (Groundball, 6, EV 86.9 MPH) Eric Davis scores
|
Batting: RHB Ken Landreaux
|
0-0: Foul Ball, location: 2F 0-1: Ball 1-1: Fly out, F8 (Flyball, 78XD, EV 74.4 MPH) Runner from 1st tags up, SAFE at 2nd
|
Batting: RHB Kevin Buckley
|
0-0: Foul Ball, location: 2F 0-1: Called Strike 0-2: Ball 1-2: Strikes out swinging
|
Bottom of the 4th over - 1 run, 1 hit, 0 errors, 1 left on base; California 4 - Milwaukee 1 |
TOP OF THE 5TH |
California Angels batting - Pitching for Milwaukee Brewers : RHP Kevin Gross
|
Batting: RHB Frank White
|
0-0: Foul Ball, location: 2F 0-1: Foul Ball, location: 2F 0-2: Ball 1-2: Ground out 6-3 (Groundball, 6M, EV 105.6 MPH)
|
Batting: SHB Jon Hernandez
|
0-0: Ball 1-0: Ball 2-0: Ball 3-0: Base on Balls
|
Batting: LHB Jason D Thompson
|
0-0: Ball 1-0: Ball 2-0: Foul Ball, location: 2F 2-1: Ball 3-1: Fly out, F9 (Line Drive, 9D, EV 106.9 MPH)
|
Batting: LHB John Milner
|
0-0: Ball 1-0: Ball 2-0: Called Strike 2-1: Ground out 4-3 (Groundball, 4, EV 85.6 MPH)
|
Top of the 5th over - 0 runs, 0 hits, 0 errors, 1 left on base; California 4 - Milwaukee 1 |
BOTTOM OF THE 5TH |
Milwaukee Brewers batting - Pitching for California Angels : RHP Clay Kirby
|
Batting: RHB Skeeter Barnes
|
0-0: Called Strike 0-1: Ball 1-1: Foul Ball, location: 2F 1-2: Fly out, F9 (Flyball, 9LS, EV 83.8 MPH)
|
Batting: SHB Wally Backman
|
0-0: Swinging Strike 0-1: SINGLE (Groundball, 4MS, EV 67.5 MPH) (infield hit)
|
Batting: LHB Von Hayes
|
0-0: Ball Wally Backman steals 2nd base 1-0: Called Strike 1-1: Called Strike 1-2: Strikes out swinging
|
Batting: SHB Eddie Murray
|
0-0: Ball 1-0: Called Strike 1-1: Called Strike 1-2: Fly out, F7 (Flyball, 7LM, EV 80.6 MPH)
|
Bottom of the 5th over - 0 runs, 1 hit, 0 errors, 1 left on base; California 4 - Milwaukee 1 |
TOP OF THE 6TH |
California Angels batting - Pitching for Milwaukee Brewers : RHP Kevin Gross
|
Batting: SHB Ignacio Medina
|
0-0: Called Strike 0-1: Ball 1-1: Ball 2-1: Foul Ball, location: 2F 2-2: Strikes out swinging
|
Batting: SHB Manny Castillo
|
0-0: Ball 1-0: Ball 2-0: Called Strike 2-1: SINGLE (Line Drive, 4MD, EV 111.3 MPH)
|
Batting: RHB Carlos Pimentel
|
0-0: Ball 1-0: Ball 2-0: Called Strike 2-1: Ball 3-1: Base on Balls Manny Castillo to second
|
Pitching: RHP Carlos Martinez
|
|
Batting: RHB Mike Bishop
|
0-0: Ball 1-0: 3-RUN HOME RUN (Flyball, 78XD, EV 95.6 MPH), Distance : 434 ft
|
Batting: RHB Jeff Atherton
|
0-0: Ball 1-0: Ground out 5-3 (Groundball, 56, EV 83.1 MPH)
|
Batting: RHB Frank White
|
0-0: Ball 1-0: Foul Ball, location: 2F 1-1: Foul Ball, location: 2F 1-2: Foul Ball, location: 2F 1-2: Strikes out looking
|
Top of the 6th over - 3 runs, 2 hits, 0 errors, 0 left on base; California 7 - Milwaukee 1 |
BOTTOM OF THE 6TH |
Milwaukee Brewers batting - Pitching for California Angels : RHP Clay Kirby
|
Batting: RHB Eric Davis
|
0-0: Foul Ball, location: 2F 0-1: Foul Ball, location: 2F 0-2: Ball 1-2: Strikes out swinging
|
Batting: RHB Mike Schmidt
|
0-0: Fly out, F1 (Line Drive, P, EV 75.6 MPH)
|
Batting: RHB Steve Sax
|
0-0: Called Strike 0-1: Ball 1-1: Ground out 6-3 (Groundball, 6, EV 81.3 MPH)
|
Bottom of the 6th over - 0 runs, 0 hits, 0 errors, 0 left on base; California 7 - Milwaukee 1 |
TOP OF THE 7TH |
California Angels batting - Pitching for Milwaukee Brewers : RHP Carlos Martinez
|
Batting: SHB Jon Hernandez
|
0-0: Called Strike 0-1: Fly out, F6 (Flyball, 6D, EV 83.1 MPH)
|
Batting: LHB Jason D Thompson
|
0-0: Foul Ball, location: 2F 0-1: Ball 1-1: Ball 2-1: Foul Ball, location: 2F 2-2: Foul Ball, location: 2F 2-2: Foul Ball, location: 2F 2-2: Strikes out swinging
|
Batting: LHB John Milner
|
0-0: Ball 1-0: Called Strike 1-1: Ball 2-1: SINGLE (Groundball, 34D, EV 106.3 MPH)
|
Batting: SHB Ignacio Medina
|
0-0: Ball 1-0: Foul Ball, location: 2F 1-1: SINGLE (Line Drive, 56, EV 100.0 MPH) John Milner to second
|
Batting: SHB Manny Castillo
|
0-0: Swinging Strike 0-1: Ball 1-1: Foul Ball, location: 2F 1-2: Foul Ball, location: 2F 1-2: Foul Ball, location: 2F 1-2: Fly out, F8 (Flyball, 8RXD, EV 98.8 MPH)
|
Top of the 7th over - 0 runs, 2 hits, 0 errors, 2 left on base; California 7 - Milwaukee 1 |
BOTTOM OF THE 7TH |
Milwaukee Brewers batting - Pitching for California Angels : RHP Clay Kirby
|
Batting: RHB Ken Landreaux
|
0-0: SOLO HOME RUN (Flyball, 7LD, EV 98.8 MPH), Distance : 343 ft
|
Batting: RHB Kevin Buckley
|
0-0: Swinging Strike 0-1: Foul Ball, location: 2F 0-2: Strikes out looking
|
Batting: RHB Skeeter Barnes
|
0-0: Ball 1-0: Foul Ball, location: 2F 1-1: SINGLE (Groundball, 6MD, EV 101.9 MPH)
|
Batting: SHB Wally Backman
|
0-0: Ball Skeeter Barnes steals 2nd base 1-0: Foul Ball, location: 2F 1-1: Foul Ball, location: 2F 1-2: Ball 2-2: Fly out, F9 (Line Drive, 9, EV 93.8 MPH)
|
Batting: LHB Von Hayes
|
0-0: Foul Ball, location: 2F 0-1: Called Strike 0-2: Ball 1-2: Ball 2-2: Ball 3-2: Fly out, F7 (Flyball, 7LD, EV 77.5 MPH)
|
Bottom of the 7th over - 1 run, 2 hits, 0 errors, 1 left on base; California 7 - Milwaukee 2 |
TOP OF THE 8TH |
California Angels batting - Pitching for Milwaukee Brewers : RHP Carlos Martinez
|
Batting: RHB Carlos Pimentel
|
0-0: Called Strike 0-1: Ball 1-1: Called Strike 1-2: Foul Ball, location: 2F 1-2: Foul Ball, location: 2F 1-2: Ball 2-2: Ball 3-2: Ground out 6-3 (Groundball, 6MS, EV 88.8 MPH)
|
Batting: RHB Mike Bishop
|
0-0: Swinging Strike 0-1: Ball 1-1: Foul Ball, location: 2F 1-2: Strikes out swinging
|
Batting: RHB Jeff Atherton
|
0-0: Ball 1-0: Ground out U3 (Groundball, 34, EV 85.0 MPH)
|
Top of the 8th over - 0 runs, 0 hits, 0 errors, 0 left on base; California 7 - Milwaukee 2 |
BOTTOM OF THE 8TH |
Milwaukee Brewers batting - Pitching for California Angels : RHP Clay Kirby
|
Batting: SHB Eddie Murray
|
0-0: Called Strike 0-1: Foul Ball, location: 2F 0-2: Strikes out swinging
|
Batting: RHB Eric Davis
|
0-0: Foul Ball, location: 2F 0-1: Called Strike 0-2: Ground out 6-3 (Groundball, 6D, EV 100.0 MPH)
|
Batting: RHB Mike Schmidt
|
0-0: Ball 1-0: Foul Ball, location: 2F 1-1: Swinging Strike 1-2: Ball 2-2: Foul Ball, location: 2F 2-2: Foul Ball, location: 2F 2-2: Ground out 4-3 (Groundball, 4M, EV 106.3 MPH)
|
Bottom of the 8th over - 0 runs, 0 hits, 0 errors, 0 left on base; California 7 - Milwaukee 2 |
TOP OF THE 9TH |
California Angels batting - Pitching for Milwaukee Brewers : RHP Carlos Martinez
|
Batting: RHB Frank White
|
0-0: Ball 1-0: Ball 2-0: Ball 3-0: Base on Balls
|
Batting: SHB Jon Hernandez
|
0-0: Called Strike 0-1: Ball 1-1: Grounds into double play, 5-4-3 (Groundball, 56, EV 98.1 MPH)
|
Batting: LHB Jason D Thompson
|
0-0: Ball 1-0: Ball 2-0: Foul Ball, location: 2F 2-1: Foul Ball, location: 2F 2-2: Fly out, F9 (Flyball, 89D, EV 106.9 MPH)
|
Top of the 9th over - 0 runs, 0 hits, 0 errors, 0 left on base; California 7 - Milwaukee 2 |
BOTTOM OF THE 9TH |
Milwaukee Brewers batting - Pitching for California Angels : RHP Clay Kirby
|
Batting: RHB Steve Sax
|
0-0: Ball 1-0: Ball 2-0: Foul Ball, location: 2F 2-1: SINGLE (Line Drive, 56D, EV 95.6 MPH)
|
Batting: RHB Ken Landreaux
|
0-0: Foul Ball, location: 2F 0-1: Ball 1-1: Ball 2-1: Foul Ball, location: 2F 2-2: SINGLE (Groundball, 4MS, EV 64.4 MPH) (infield hit) Steve Sax to second
|
Batting: RHB Kevin Buckley
|
0-0: Swinging Strike 0-1: Ball 1-1: Swinging Strike 1-2: Ball 2-2: Strikes out swinging
|
Batting: RHB Skeeter Barnes
|
0-0: Ball 1-0: Swinging Strike 1-1: Foul Ball, location: 2F 1-2: Fielders Choice at 2nd, 2-6 (Groundball, 2R, EV 73.1 MPH) Steve Sax to third
|
Batting: SHB Wally Backman
|
0-0: Ball 1-0: Ball 2-0: Foul Ball, location: 2F 2-1: Foul Ball, location: 2F 2-2: Ground out 1-3 (Groundball, 13S, EV 62.5 MPH)
|
Bottom of the 9th over - 0 runs, 2 hits, 0 errors, 2 left on base; California 7 - Milwaukee 2 |
|